 Dungeon Crawl Stone Soup version 0.26.1-11-gd32895ea62 (webtiles) character file.

Game seed: 7037002718095718957

41 Zeld the Sneak (level 3, -10/18 HPs)
             Began as a Spriggan Brigand on June 3, 2021.
             Engulfed by a cloud of flame (28 damage)
             ... on level 2 of the Dungeon.
             The game lasted 00:03:35 (2609 turns).

Zeld the Sneak (Spriggan Brigand)                   Turns: 2609, Time: 00:03:36

Health: -10/18     AC:  3    Str:  7    XL:     3   Next: 32%
Magic:  4/4        EV: 17    Int: 12    God:
Gold:   101        SH:  0    Dex: 18    Spells: 2/2 levels left

rFire    . . .     SeeInvis +   a - +2 dagger
rCold    . . .     Faith    .   (shield restricted)
rNeg     . . .     Spirit   .   b - +0 robe
rPois    .         Reflect  .   (helmet restricted)
rElec    .         Harm     .   c - +0 cloak
rCorr    .         Rampage  .   (gloves unavailable)
Will     .....                  (boots unavailable)
Stlth    +++.......             (no amulet)
HPRegen  0.06/turn              (no ring)
MPRegen  0.09/turn              (no ring)

@: very quick
A: very small, unfitting armour, see invisible, speed 3
a: no special abilities


You were on level 2 of the Dungeon.
You visited 1 branch of the dungeon, and saw 2 of its levels.

You collected 101 gold pieces.

Inventory:

Hand Weapons
 a - a +2 dagger (weapon)
Missiles
 d - 18 poisoned darts (quivered)
 e - 10 curare-tipped darts
Armour
 b - a +0 robe (worn)
 c - a +0 cloak (worn)
Jewellery
 n - an uncursed ring of resist corrosion {unknown}
 o - an uncursed ring of resist corrosion {unknown}
Scrolls
 g - 2 scrolls of identify {unknown}
 i - a scroll of teleportation {unknown}
 l - a scroll of amnesia {unknown}
 p - 2 scrolls of remove curse {unknown}
 q - a scroll of fog {unknown}
Potions
 f - 2 potions of curing {unknown}
 h - a potion of lignification {unknown}
 j - a potion of invisibility {unknown}
 k - 2 potions of degeneration {unknown}
 m - 2 potions of flight {unknown}


   Skills:
 - Level 1.5 Fighting
 * Level 3.3 Short Blades
 * Level 3.0 Throwing
 - Level 1.5 Dodging
 - Level 5.8 Stealth


You had 2 spell levels left.
You didn't know any spells.
Your spell library was empty.

Dungeon Overview and Level Annotations

Branches:
Dungeon (2/15)

Altars:


Innate Abilities, Weirdness & Mutations

You are very small and have problems with some larger weapons.
You are too small for most types of armour.
You have supernaturally acute eyesight. (SInv)
You cover ground extremely quickly.


Message History

No target in view!
No target in view!
Partly explored, can't reach some places.
No target in view!
Partly explored, can't reach some places.
No target in view!
Partly explored, can't reach some places.
No target in view!
Partly explored, can't reach some places.
No target in view!
Really walk into a travel-excluded area?
Okay, then.
Really walk into a travel-excluded area?
Press: ? - help, v - describe, . - travel, g - get item Item here: 6 gold pieces.
The floor.
You now have 101 gold pieces (gained 6).
You are engulfed in blazing flames.
Ouch! That really hurt!
You die...

#..>..# #.☼§# #....#....
#####.#####...##########....
###.....○○§.$...○°○.## #....
#####...##..§☼§.$$..§°☼..# ##....
......####..☼§...$$.§○...###.(...
##########.#####...#####..#......
# ###...# #§§§# ##...#....
#...### #°☼○# ##...#.... ##.###
#@☼○# #..#.#.... #..#
####...########.#.... #.##
#.....##..#####.##..# ##.#
##.#######............
#..######..# ###..###.####
##.........##########......####
###..######......................
.....# ##.##########...########
####.# ##..# ######...#.#


There were no monsters in sight!

Vanquished Creatures
  A leopard gecko (D:1)
  6 bats
  4 giant cockroaches
  4 goblins
  6 hobgoblins
  4 jackals (D:2)
  4 kobolds (D:1)
  3 frilled lizards
  4 rats
36 creatures vanquished.

Vanquished Creatures (others)
  A worm (D:2)
1 creature vanquished.

Grand Total: 37 creatures vanquished

Notes
Turn   | Place    | Note
-------+----------+-------------------------------------------
     0 | D:1      | Zeld the Spriggan Brigand began the quest for the Orb.
     0 | D:1      | Reached XP level 1. HP: 10/10 MP: 2/2
   650 | D:1      | Reached XP level 2. HP: 12/14 MP: 3/3
  1692 | D:2      | Reached XP level 3. HP: 18/18 MP: 4/4
  2609 | D:2      | Engulfed by a cloud of flame

Illustrated notes

Levels and vault maps discovered:
D:1:      minmay_arrival_jagged, layout_loops_cross, serial_bayou,
          serial_bayou_pond_b, serial_bayou_pond_c, serial_bayou_crossing,
          serial_bayou_pond_a, nrook_mini_backslash, minmay_misc_feat_iff,
          serial_bayou_pond_e
D:2:      layout_rooms, lemuel_flame_loot_1

Skill      XL: |  1  2  3 |
---------------+----------+-----
Short Blades   | 3 |  3.3
Throwing       | 3 |  3.0
Fighting       | |  1.5
Dodging        | |  1.5
Stealth        | |  5.8

Action                   || total
-------------------------++-------
Melee: Dagger            ||   124
 Stab: Sleeping          ||    10
Armor: Robe              ||    10
Dodge: Dodged            ||    81
